 Dungeon Crawl Stone Soup version 0.23.1 (webtiles) character file.

Game seed: 4515995091398339666

18 smallpebble the Grave Robber (level 2, 0/14 (20) HPs)
             Began as a Ghoul Necromancer on Mar 19, 2019.
             Killed from afar by a dart slug (5 damage)
             ... with a slug dart
             ... on level 2 of the Dungeon.
             The game lasted 00:31:04 (1639 turns).

smallpebble the Grave Robber (Ghoul Necromancer)    Turns: 1639, Time: 00:31:05

HP:   0/14 (20)     AC: 11    Str: 11    XL:     2   Next: 66%
MP:   1/3           EV:  2    Int: 10    God:
Gold: 91            SH:  0    Dex:  9    Spells: 2/4 levels left

rFire    . . .     SeeInvis .   o - +0 short sword
rCold    + . .     Gourm    .   (no shield)
rNeg     + + +     Faith    .   t - +0 plate armour
rPois    ∞         Spirit   .   s - +0 helmet
rElec    .         Reflect  .   (no cloak)
rCorr    .         Harm     .   (no gloves)
MR       .....                  (no boots)
Stlth    ..........             (no amulet)
HPRegen  0.00/turn              (no ring)
MPRegen  0.08/turn              (no ring)

@: very slightly contaminated, rotting
A: rotting body, claws 1, carnivore, cold resistance 1, negative energy
resistance 3, inhibited regeneration, torment resistance, unbreathing
a: no special abilities


You were on level 2 of the Dungeon.
You were not hungry.

You visited 1 branch of the dungeon, and saw 2 of its levels.

You collected 91 gold pieces.

Inventory:

Hand Weapons
 f - a +0 spear
 h - a +0 club
 k - a +0 club
 m - a +0 hunting sling
 o - a +0 short sword (weapon)
 r - a +0 mace
Missiles
 i - 63 bolts
 n - 65 stones (quivered)
 q - 16 sling bullets
 u - 9 poisoned needles
Armour
 a - a +0 robe
 j - a +0 robe
 l - a +0 leather armour
 s - a +0 helmet (worn)
 t - a +0 plate armour (worn)
Scrolls
 b - a scroll of fear {unknown}
 d - 3 scrolls of remove curse {unknown}
 e - 5 scrolls of identify {unknown}
 g - a scroll of teleportation {unknown}
 p - a scroll of blinking {unknown}
Comestibles
 c - 2 rations


   Skills:
 + Level 0.2 Fighting
 + Level 0.2 Polearms
 + Level 0.1 Throwing
 + Level 1.8 Dodging
 + Level 2.3 Stealth
 + Level 0.1 Unarmed Combat
 + Level 1.8 Spellcasting
 + Level 4.4 Necromancy


You had 2 spell levels left.
You knew the following spells:

 Your Spells              Type           Power        Failure   Level  Hunger
a - Pain                  Necr           #...         100%        1    ##.....
b - Animate Skeleton      Necr           N/A          100%        1    ##.....

Your spell library contained the following spells:

 Spells                   Type           Power        Failure   Level  Hunger
 Regeneration             Chrm/Necr      #.........   100%        3    ####...
 Vampiric Draining        Necr           #.........   100%        3    ####...
 Animate Dead             Necr           N/A          100%        4    #####..


Dungeon Overview and Level Annotations

Branches:
Dungeon (2/15)

Altars:


Innate Abilities, Weirdness & Mutations

Your body is rotting away.
You thrive on raw meat.
You are immune to poison.
You have sharp fingernails.
You are carnivorous and can eat meat at any time.
Your flesh is cold resistant. (rC+)
You are immune to negative energy. (rN+++)
You do not regenerate when monsters are visible.
You are immune to unholy pain and torment.
You can survive without breathing.


Message History

You throw a stone. The stone hits the dart slug.
The dart slug is severely wounded.
Throwing (i - inventory)
n - 67 stones (quivered)
Press: ? - help, Shift-Dir - straight line, f/p - dart slug
Aim: a dart slug (severely wounded, clinging)
You throw a stone. The stone hits the dart slug.
The dart slug is severely wounded.
The dart slug launches a dart at you.
The slug dart hits you but does no damage.
You feel a little less agile now.
Found a stone staircase leading down.
Found a spear.
Throwing (i - inventory)
n - 66 stones (quivered)
Press: ? - help, Shift-Dir - straight line, f/p - dart slug
Aim: a dart slug (severely wounded)
You throw a stone. The stone hits the dart slug.
The dart slug is almost dead.
The dart slug launches a dart at you. The slug dart hits you.
You die...

# #.#.# #. #.#.# #.
#.#.#
#..############.#.#
#..#..........#.#.#
#...). ...#.#.#.#
###.#.######.#.#.#.###
#>...@......w.......†.
##...........#.#...###
.....######.####.####...
.... ........((<(... ...
#.#.####.##.#.#( ..
#.#.# #....#.#. . . ..#
#### #.#. #. ..# ..#.
..#.


You could see a dart slug.

Vanquished Creatures
  A ball python (D:2)
  A bat (D:1)
  3 hobgoblins (D:1)
  5 kobolds (D:1)
  3 frilled lizards (D:1)
  A rat (D:1)
14 creatures vanquished.

Vanquished Creatures (collateral kills)
  2 hobgoblins (D:1)
  2 kobolds (D:1)
4 creatures vanquished.

Vanquished Creatures (others)
  A plant (D:1)
1 creature vanquished.

Grand Total: 19 creatures vanquished

Notes
Turn   | Place    | Note
-------+----------+-------------------------------------------
     0 | D:1      | smallpebble the Ghoul Necromancer began the quest for the
                  | Orb.
     0 | D:1      | Reached XP level 1. HP: 14/14 MP: 2/2
   200 | D:1      | Learned a level 1 spell: Animate Skeleton
   313 | D:1      | Reached XP level 2. HP: 9/20 MP: 0/3
  1639 | D:2      | Killed from afar by a dart slug

Action                   || total
-------------------------++-------
Melee: Unarmed           ||     9
       Spear             ||    71
       Short sword       ||    10
Throw: Stone             ||    13
 Cast: Pain              ||    14
       Animate Skeleton  ||     4
  Use: Potion            ||     1
  Eat: Ration            ||     1
       Chunk             ||     1
Armor: Robe              ||     3
       Plate armour      ||    16
       Leather armour    ||    12
Dodge: Dodged            ||    31
